 Dungeon Crawl Stone Soup version 0.26-a0-597-gb535b0901c (webtiles) character file.

Game seed: 11888844210551668909

277 vurker the Chopper (level 6, -2/56 HPs)
             Began as a Minotaur Delver on Sept 11, 2020.
             Slain by an orc
             ... wielding a +0 mace
              (4 damage)
             ... on level 4 of the Dungeon.
             The game lasted 00:05:15 (2721 turns).

vurker the Chopper (Minotaur Delver)                Turns: 2721, Time: 00:05:16

Health: -2/56      AC: 12    Str: 19    XL:     6   Next: 4%
Magic:  5/5        EV:  6    Int:  7    God:
Gold:   234        SH:  0    Dex: 11    Spells: 5/5 levels left

rFire    . . .     SeeInvis .   a - +0 hand axe
rCold    . . .     Faith    .   (no shield)
rNeg     . . .     Spirit   .   w - +0 plate armour (curse)
rPois    .         Reflect  .   (helmet restricted)
rElec    .         Harm     .   (no cloak)
rCorr    .                      t - +0 pair of gloves
MR       .....                  h - +0 pair of boots
Stlth    ..........             (no amulet)
HPRegen  0.18/turn              (no ring)
MPRegen  0.09/turn              (no ring)

@: hasted (expiring), very quick
A: retaliatory headbutt, horns 2
a: no special abilities


You were on level 4 of the Dungeon.
You visited 1 branch of the dungeon, and saw 5 of its levels.

You collected 234 gold pieces.

Inventory:

Hand Weapons
 a - a +0 hand axe (weapon)
Armour
 h - a +0 pair of boots (worn)
   (You found it on level 2 of the Dungeon)
 t - a +0 pair of gloves (worn)
   (You found it on level 2 of the Dungeon)
 w - a cursed +0 plate armour (worn)
   (You found it on level 3 of the Dungeon)
Jewellery
 z - an uncursed ring of wizardry {unknown}
   (You found it on level 4 of the Dungeon)
Wands
 g - a wand of polymorph (2)
   (You found it on level 3 of the Dungeon)
 v - a wand of digging (3)
Scrolls
 c - a scroll of fog
 d - a scroll of magic mapping
 e - 6 scrolls of fear
 i - 3 scrolls of identify {unknown}
 k - 2 scrolls of enchant weapon {unknown}
 l - 3 scrolls of teleportation {unknown}
 o - 4 scrolls of remove curse {unknown}
 p - 2 scrolls of immolation {unknown}
 q - 2 scrolls of enchant armour {unknown}
 y - a scroll of random uselessness {unknown}
Potions
 b - 2 potions of flight {unknown}
 j - a potion of cancellation {unknown}
 m - a potion of stabbing {unknown}
 n - 3 potions of curing {unknown}
 r - a potion of mutation {unknown}
 s - 2 potions of degeneration {unknown}
 u - a potion of brilliance {unknown}
 x - a potion of heal wounds {unknown}


   Skills:
 + Level 5.4 Fighting
 * Level 6.5 Axes
 - Level 2.1 Dodging
 - Level 4.1 Stealth


You had 5 spell levels left.
You didn't know any spells.
Your spell library was empty.

Dungeon Overview and Level Annotations

Branches:
Dungeon (5/15)
 Temple: D:4-7

Altars:
Zin

Shops:
D:3 *


Innate Abilities, Weirdness & Mutations

You reflexively headbutt those who attack you in melee.
You have a pair of horns on your head.


Message History

Found 17 bolts.
You now have 234 gold pieces (gained 13).
You open the door.
There is an open door here.
As you open the door, it creaks loudly!
An ogre comes into view. It is wielding a +0 giant club.
The ogre shouts!
An ogre is nearby!
An ogre is nearby!
You hit the ogre. You headbutt the ogre.
The ogre hits you with a +0 giant club!!
You closely miss the ogre. You hit the ogre.
The ogre hits you with a +0 giant club!!
* * * LOW HITPOINT WARNING * * *
Aim: an ogre, wielding a +0 giant club (moderately wounded, chance to defeat MR: 46%)
The ogre evaporates and reforms as a hornet!
The hornet closely misses you.
Aim: a hornet (chance to defeat MR: 37%)
The hornet easily resists.
The hornet stings you but does no damage. x2
Aim: a hornet (chance to defeat MR: 37%)
The hornet evaporates and reforms as a basilisk!
Aim: a basilisk (chance to defeat MR: 46%)
The basilisk evaporates and reforms as a crocodile!
You completely miss the crocodile. Your headbutt misses the crocodile.
The crocodile bites you!
* * * LOW HITPOINT WARNING * * *
You feel yourself speed up.
The crocodile bites you but does no damage.
You see here 15 arrows.
There is an open door here.
An orc comes into view. It is wielding a +0 mace.
The orc priest invokes the aid of Beogh against you.
Beogh smites you!
* * * LOW HITPOINT WARNING * * *
The orc hits you with a +0 mace.
* * * LOW HITPOINT WARNING * * *
You closely miss the orc. You headbutt the orc, but do no damage.
You barely miss the orc. The orc hits you but does no damage.
You closely miss the orc. You headbutt the orc. You barely miss the orc priest.
Your extra speed is starting to run out.
The orc priest hits you but does no damage.
You hit the orc but do no damage. You hit the orc priest.
The orc hits you but does no damage.
You barely miss the orc.
You hit the orc priest but do no damage.
The orc priest hits you but does no damage.
The orc hits you with a +0 mace.
You die...

.......#>....#.....###+
.......'.....#.........
.......#...###.........
##.....#...####'###.
.#.....#..........#
.'.....#..........#
.#.....#..######..#
##....##..# ##..#
#....'...' #.@.#
#....#...# #oo.#
##....##### ##..#
...####.########.<#
#.................#######
#.................##....##
#........................#
#........................#
##########################


You could see an orc priest and an orc.

Vanquished Creatures
  A scorpion (D:4)
  A centaur skeleton (D:4)
  A hound (D:4)
  Robin (D:2)
  4 adders (D:3)
  An adder skeleton (D:4)
  3 worms
  2 dart slugs
  5 leopard geckos
  6 orcs
  4 giant cockroaches
  23 goblins
  12 hobgoblins
  7 kobolds
  4 quokkas
  A ball python (D:2)
  7 bats
  6 frilled lizards
  2 jackal skeletons
  3 rats
94 creatures vanquished.

Notes
Turn   | Place    | Note
-------+----------+-------------------------------------------
     0 | D:5      | vurker the Minotaur Delver began the quest for the Orb.
     0 | D:5      | Reached XP level 1. HP: 19/19 MP: 0/0
     8 | D:5      | Noticed an orc wizard
     8 | D:5      | Noticed an ogre
    59 | D:4      | Reached skill level 3 in Axes
    59 | D:4      | Reached XP level 2. HP: 19/27 MP: 1/1
    59 | D:4      | Reached XP level 3. HP: 23/33 MP: 2/2
   169 | D:4      | Noticed a scorpion
   177 | D:4      | Killed a scorpion
   177 | D:4      | Reached skill level 4 in Axes
   177 | D:4      | Reached XP level 4. HP: 35/41 MP: 3/3
   421 | D:3      | Reached skill level 5 in Axes
   975 | D:1      | Reached XP level 5. HP: 47/47 MP: 4/4
  1304 | D:2      | Reached skill level 5 in Fighting
  1742 | D:2      | Noticed Robin
  1779 | D:2      | Killed Robin
  1989 | D:3      | Reached skill level 6 in Axes
  2278 | D:3      | Found Zin's Purification Station.
  2279 | D:3      | Found a glowing silver altar of Zin.
  2624 | D:4      | Reached XP level 6. HP: 52/56 MP: 5/5
  2667 | D:4      | Noticed a hornet
  2667 | D:4      | an ogre changed into a hornet
  2669 | D:4      | Noticed a basilisk
  2669 | D:4      | a hornet changed into a basilisk
  2670 | D:4      | a basilisk changed into a crocodile
  2716 | D:4      | HP: 1/56 [orc/+0 mace (4)]
  2721 | D:4      | Slain by an orc

Illustrated notes

Levels and vault maps discovered:
D:1:      lemuel_arrival_rhombus, layout_rooms
D:2:      layout_basic, uniq_robin
D:3:      layout_rooms, zin_purify, minmay_cut_off
D:4:      kennysheep_the_goblin_king, layout_gridville
D:5:      layout_cave_pools, item_on_display_a

Skill      XL: |  1  2  3  4  5 |
---------------+----------------+-----
Fighting       | 4 5 |  5.4
Axes           | 3 4 5 6 |  6.5
Dodging        | |  2.1
Stealth        | |  4.1

Action                   |  1- 3 |  4- 6 || total
-------------------------+-------+-------++-------
Melee: Hand axe          |    20 |   210 ||   230
       Headbutt          |     3 |    33 ||    36
Evoke: Wand              |       |     4 ||     4
  Use: Potion            |       |     1 ||     1
 Stab: Sleeping          |     2 |     3 ||     5
Armor: Leather armour    |     6 |    16 ||    22
       Plate armour      |       |   127 ||   127
Dodge: Dodged            |    20 |    85 ||   105

Table legend: (Time is in decaauts)
 A = Elapsed time spent in this place.
 B = Non-inter-level travel time spent in this place.
 C = Inter-level travel time spent in this place.
 D = Time resting spent in this place.
 E = Time spent auto-exploring this place.
 F = Levels seen in this place.
 G = Mean time per level.
                   A        B        C        D        E       F      G
               +--------+--------+--------+--------+--------+-----+--------+
         Total |   2716 |   2663 |     53 |      0 |   1997 |   5 |  543.2 |
       Dungeon |   2716 |   2663 |     53 |      0 |   1997 |   5 |  543.2 |
               +--------+--------+--------+--------+--------+-----+--------+

Top non-repeatable levels by time:
     D:2: 936 daAuts
     D:3: 729 daAuts
     D:4: 556 daAuts
     D:1: 483 daAuts
     D:5: 10 daAuts
